 Dungeon Crawl Stone Soup version 0.31.0-11-ge490571c62 (webtiles) character file.

Game seed: 7946049936429615091

6422 Minsecho the Thaumaturge (level 10, -2/104 HPs)
             Began as an Oni Fire Elementalist on Feb 9, 2024.
             Was a Believer of Nemelex Xobeh.
             Slain by a vampire
             ... wielding a staff of earth
              (7 damage)
             ... on level 9 of the Dungeon.
             The game lasted 00:35:33 (11629 turns).

Minsecho the Thaumaturge (Oni Fire Elementalist)   Turns: 11629, Time: 00:35:34

Health: -2/104     AC:  6    Str: 18    XL:     10   Next: 98%
Magic:  31/31      EV: 10    Int: 22    God:    Nemelex Xobeh [**....]
Gold:   215        SH:  5    Dex:  9    Spells: 16/25 levels left

rFire   + . .        o - +2 whip (holy)
rCold   + . .        i - orb {light}
rNeg    . . .        f - +2 robe {rC+ rF+}
rPois   .            (helmet restricted)
rElec   .            H - +0 cloak
rCorr   .            (gloves unavailable)
SInv    .            (boots unavailable)
Will    ++...        h - amulet of reflection
Stlth   +            M - +6 ring of intelligence
HPRegen 0.37/turn    F - ring of magical power
MPRegen 0.22/turn

%: reflection
@: brilliant, lethally poisoned (-2 -> -3), enlightened, flying, hasted,
glowing, very quick
A: large, unfitting armour, horns 1, tough skin 1, double potion healing,
drunken brawling
a: Renounce Religion, Draw Escape, Draw Destruction, Draw Summoning


You were on level 9 of the Dungeon.
You worshipped Nemelex Xobeh.
Nemelex Xobeh was pleased with you.
You visited 2 branches of the dungeon, and saw 10 of its levels.
You also visited: Sewer.

You collected 441 gold pieces.
You spent 226 gold pieces at shops.

Inventory:

Hand Weapons
 d - a +2 dagger of freezing
 o - a +2 whip of holy wrath (weapon)
 q - a +3 quarterstaff
 L - the +4 great mace of the Barnacled God {flame, rN+ rCorr}
   (You acquired it on level 8 of the Dungeon)

   rN+:       It protects you from negative energy.
   rCorr:     It protects you from acid and corrosion.
 N - a +2 flail of protection
 Q - a +6 flail
Missiles
 e - 5 atropa-tipped darts
 k - 3 boomerangs
 x - a curare-tipped dart
Armour
 a - a +0 robe
 f - a +2 robe of resistance (worn)
 i - an orb of light (worn)
 y - a scarf of shadows
 C - an orb of guile
 H - a +0 cloak (worn)
 P - +1 acid dragon scales
Jewellery
 h - an amulet of reflection (around neck)
 l - a ring of ice
 m - a ring of resist corrosion
 F - a ring of magical power (right hand)
 M - a +6 ring of intelligence (left hand)
Wands
 t - a wand of charming (6)
 v - a wand of flame (30)
 K - a wand of polymorph (8)
Scrolls
 c - a scroll of fear
 g - 2 scrolls of fog
 n - 3 scrolls of revelation
 r - 4 scrolls of noise
 u - 2 scrolls of immolation
 A - a scroll of poison
 O - 2 scrolls of butterflies
 R - a scroll of vulnerability
Potions
 b - 2 potions of magic
 j - a potion of cancellation
 p - a potion of might
 z - a potion of invisibility
 B - a potion of attraction
 E - a potion of mutation
 G - a potion of brilliance
 J - 2 potions of resistance


   Skills:
 * Level 7.8 Fighting
 * Level 5.7(6.1) Maces & Flails
 - Level 2.9(4.7) Staves
 + Level 4.2 Throwing
 * Level 2.2 Armour
 + Level 4.4 Dodging
 - Level 1.5 Stealth
 - Level 1.7 Shields
 + Level 8.2 Spellcasting
 + Level 3.0 Conjurations
 + Level 3.0 Hexes
 + Level 5.4 Fire Magic
 + Level 0.1 Ice Magic
 + Level 2.8 Alchemy
 * Level 3.8 Invocations
 + Level 1.1 Evocations


You had 16 spell levels left.
You knew the following spells:

 Your Spells              Type           Power      Damage    Failure   Level
a - Foxfire               Conj/Fire      100%       2x1d9     1%          1
b - Sting                 Conj/Alch      100%       1d9       2%          1
c - Scorch                Fire           98%        2d9       1%          2
d - Inner Flame           Hex/Fire       41%        N/A       3%          3
e - Ensorcelled Hibernat  Hex/Ice        46%        N/A       6%          2

Your spell library contained the following spells:

 Spells                   Type           Power      Damage    Failure   Level
 Freeze                   Ice            56%        1d7       7%          1
 Volatile Blastmotes      Fire/Tloc      62%        2d15      7%          3
 Apportation              Tloc           26%        N/A       8%          1
 Necrotise                Necr           52%        1d6       8%          1
 Summon Small Mammal      Summ           52%        N/A       8%          1
 Cigotuvi's Dreadful Rot  Necr/Alch/Air  38%        N/A       8%          2
 Hailstorm                Conj/Ice       23%        3d7       12%         3
 Flame Wave               Conj/Fire      41%        2d11      13%         4
 Sticky Flame             Fire/Alch      40%        2d8       13%         4
 Frozen Ramparts          Ice            28%        1d5       21%         3
 Passwall                 Erth           13%        N/A       22%         3
 Swiftness                Air            13%        N/A       22%         3
 Dispel Undead            Necr           13%        3d9       58%         4
 Martyr's Knell           Necr/Summ      13%        N/A       58%         4
 Death Channel            Necr           6%         N/A       100%        6


Dungeon Overview and Level Annotations

Branches:
Dungeon (9/15)             Temple (1/1) D:4           Sewer (visited)
   Lair: D:8-11         Orc: D:9-12

Altars:
Ashenzari
Cheibriados
Dithmenos
Elyvilon
Fedhas
Gozag
Hepliaklqana
Kikubaaqudgha
Makhleb
Nemelex Xobeh
Okawaru
Qazlal
Ru
Sif Muna
Trog
Uskayaw
Vehumet
Wu Jian
Xom
Yredelemnul
Zin
The Shining One

Shops:
D:6 **   D:7 =

Annotations:
D:8 Jeremiah


Innate Abilities, Weirdness & Mutations

You are too large for most types of armour.
You have a pair of small horns on your head.
You have tough skin. (AC +1)
You gain doubled healing and magic from potions.
Whenever you drink a healing potion, you attack all around you.


Message History

Your orb of destruction hits a rock wall. x2
The wavering orb of destruction weakly hits the vampire.
The vampire is almost destroyed.
Your orb of destruction hits a rock wall. x2
The vampire draws life force from you!
* * * LOW HITPOINT WARNING * * *
The vampire is healed by the life force!
Your orb of destruction hits a rock wall.
You draw a card...
You have drawn Wild Magic.
The vampire looks incredibly sick.
Sand pours from the kobold brigand's hands.
Heat is drained from the cyclops!
You feel a surge of magic.
You feel your power returning.
The deck of cards disappears without a trace.
The vampire is no longer more vulnerable to fire.
Your orb of destruction hits a rock wall.
The vampire draws life force from you!
* * * LOW HITPOINT WARNING * * *
The vampire is healed by the life force!
Okay, then.
Blink to where?
Press: ? - help, Dir - move target, p - vampire
As you read the scroll of blinking, it crumbles to dust.
The kobold brigand throws a poisoned dart.
The poisoned dart hits you!
You are poisoned.
It was a potion of brilliance.
You feel clever all of a sudden.
You feel sick.
The kobold brigand throws a poisoned dart.
The poisoned dart misses you.
Your magical contamination has completely faded away.
It was a potion of enlightenment.
You feel very buoyant.
You fly up into the air.
You feel sick.
You feel yourself speed up.
You feel sick.
You feel sick. The vampire attacks as it pursues you!
The vampire hits you with a staff of earth!
You die...
Your body glows slightly brighter and disappears.

. ##.# #÷# . #.#
#.# ##.# #.# #.C#
#[# #.######.#
######C..○..#.###
#....K..).......#
#V####○.....#...#
#....# #@#
########...#
#....# #.# #)..#
#....# #.# #...#
#....#####.#
#...#
#.......##.#
#...# #
#....##'##'####
####...## #
#.............#
#.^...... #
#.............#
#....)... #
#)#.#.........#
#........


You could see a vampire.

Vanquished Creatures
  A two-headed ogre (D:8)
  Joseph (D:9)
  A troll (D:9)
  8 yaks (D:9)
  3 acid dragons
  Duvessa (D:6)
  A water moccasin (D:8)
  An ice beast (D:8)
  2 sky beasts
  2 ogres (D:5)
  3 orc warriors
  2 lemures (D:9)
  4 bullfrogs
  3 kobold brigands
  2 brain worms (Sewer)
  3 scorpions
  15 wights
  Dowan (D:6)
  9 killer bees
  2 bombardier beetles
  A hound (D:5)
  3 jellies
  5 orc priests
  Crazy Yiuf (D:5)
  2 gnoll boudas
  2 iguanas (D:4)
  An orc wizard (D:9)
  9 adders
  10 gnolls
  4 river rats (Sewer)
  A shadow imp (D:8)
  2 white imps
  4 ribbon worms
  5 dart slugs
  25 orcs
  6 endoplasms
  3 giant cockroaches
  10 hobgoblins
  11 jackals
  5 quokkas
  11 ball pythons
  5 bats
  4 frilled lizards
  8 goblins
  16 kobolds
  8 rats
227 creatures vanquished.

Vanquished Creatures (collateral kills)
  3 foxfires (Sewer)
3 creatures vanquished.

Vanquished Creatures (others)
  A bullfrog (D:8)
  A gnoll (D:7)
  210 foxfires
212 creatures vanquished.

Grand Total: 442 creatures vanquished

Notes
Turn   | Place    | Note
-------+----------+-------------------------------------------
     0 | D:1      | Minsecho the Oni Fire Elementalist began the quest for the
                  | Orb.
     0 | D:1      | Reached XP level 1. HP: 16/16 MP: 3/3
   255 | D:1      | Reached skill level 1 in Conjurations
   255 | D:1      | Reached XP level 2. HP: 24/24 MP: 1/5
   257 | D:1      | Learned a level 1 spell: Sting
   577 | D:1      | Reached XP level 3. HP: 20/31 MP: 2/7
   789 | D:1      | Found a faded altar of an unknown god.
  1291 | D:2      | Learned a level 2 spell: Scorch
  1295 | D:2      | Learned a level 3 spell: Inner Flame
  1445 | D:2      | Identified the +3 robe of Weirdness {Int+4}
  1612 | D:2      | Reached XP level 4. HP: 40/40 MP: 8/8
  1651 | D:2      | Reached skill level 3 in Spellcasting
  1972 | D:2      | Found a blossoming altar of Fedhas.
  2481 | D:3      | Noticed a scorpion
  2489 | D:3      | Killed a scorpion
  2490 | D:3      | Reached skill level 1 in Fighting
  2490 | D:3      | Reached skill level 1 in Staves
  2490 | D:3      | Reached skill level 1 in Hexes
  2490 | D:3      | Reached XP level 5. HP: 25/48 MP: 6/9
  2620 | D:3      | Found a glowing drain.
  2638 | Sewer    | Entered a sewer
  2791 | Sewer    | Noticed a kobold brigand
  2797 | Sewer    | Killed a kobold brigand
  2798 | Sewer    | Reached skill level 1 in Maces & Flails
  2798 | Sewer    | Reached XP level 6. HP: 57/57 MP: 5/10
  3235 | Sewer    | Reached skill level 1 in Shields
  3235 | Sewer    | Reached XP level 7. HP: 26/65 MP: 0/12
  3826 | D:3      | Reached skill level 1 in Throwing
  4281 | D:4      | Reached skill level 1 in Evocations
  4927 | D:4      | Reached XP level 8. HP: 73/78 MP: 6/13
  5204 | D:4      | Found a staircase to the Ecumenical Temple.
  5213 | Temple   | Entered the Ecumenical Temple
  5255 | Temple   | Became a worshipper of Nemelex Xobeh the Trickster
  5324 | D:5      | Entered Level 5 of the Dungeon
  5468 | D:5      | Reached skill level 4 in Spellcasting
  5741 | D:5      | Found a runed translucent door.
  5742 | D:5      | Noticed Crazy Yiuf
  5761 | D:5      | Reached skill level 1 in Alchemy
  6216 | D:5      | Killed Crazy Yiuf
  6499 | D:6      | Noticed Dowan
  6502 | D:6      | Noticed Duvessa
  6504 | D:6      | Killed Dowan
  6517 | D:6      | Killed Duvessa
  6518 | D:6      | Reached skill level 5 in Fighting
  6518 | D:6      | Reached XP level 9. HP: 64/88 MP: 9/15
  6668 | D:6      | Found Egeoheus's General Store.
  6802 | D:6      | Bought a potion of degeneration for 13 gold pieces
  6929 | D:6      | Found Xizew's Assorted Antiques.
  6934 | D:6      | Bought a scroll labelled ZALOGO PAEVANI for 31 gold pieces
  6934 | D:6      | Bought a potion of might for 124 gold pieces
  6934 | D:6      | Bought a fizzy inky potion for 27 gold pieces
  6934 | D:6      | Bought a scroll labelled AMAEKH KEPALY for 31 gold pieces
  6984 | D:6      | Reached * piety under Nemelex Xobeh
  7063 | D:6      | Found a shimmering blue altar of Sif Muna.
  7277 | D:6      | Received a gift from Nemelex Xobeh
  7601 | D:7      | Reached skill level 5 in Spellcasting
  7635 | D:7      | Found a white marble altar of Elyvilon.
  7868 | D:7      | Found a hazy altar of Hepliaklqana.
  7955 | D:7      | Found Xyody's Jewellery Shop.
  8225 | D:7      | Reached skill level 1 in Invocations
  8440 | D:7      | Found a shimmering altar of Xom.
  8440 | D:7      | Found a broken altar of Ashenzari.
  8449 | D:7      | Found an opulent altar of Gozag.
  8450 | D:7      | Found a snail-covered altar of Cheibriados.
  8451 | D:7      | Found an iron altar of Okawaru.
  8452 | D:7      | Found a shadowy altar of Dithmenos.
  8457 | D:7      | Found a sacrificial altar of Ru.
  8460 | D:7      | Found an ornate altar of the Wu Jian Council.
  8834 | D:8      | Identified a scroll of acquirement
  8834 | D:8      | Acquired the +4 great mace of the Barnacled God {flame, rN+
                  | rCorr}
  9229 | D:8      | Noticed a two-headed ogre
  9597 | D:8      | Reached ** piety under Nemelex Xobeh
  9728 | D:8      | Learned a level 2 spell: Ensorcelled Hibernation
  9749 | D:8      | Reached XP level 10. HP: 91/98 MP: 18/18
  9844 | D:8      | Reached skill level 1 in Armour
  9846 | D:8      | Noticed Jeremiah
  9849 | D:8      | Reached skill level 6 in Spellcasting
  9938 | D:8      | Reached skill level 5 in Maces & Flails
 10050 | D:8      | Killed a two-headed ogre
 10656 | D:9      | Reached skill level 7 in Spellcasting
 10805 | D:9      | Reached skill level 5 in Fire Magic
 11326 | D:9      | Reached skill level 8 in Spellcasting
 11364 | D:9      | Noticed Joseph
 11376 | D:9      | Killed Joseph
 11620 | D:9      | Noticed a cyclops
 11629 | D:9      | HP: 5/104 [poisoned by a kobold brigand]
 11629 | D:9      | Slain by a vampire

Illustrated notes

Levels and vault maps discovered:
D:1:      nzn_arrival_depleted_hourglass, layout_basic,
          ebering_ecumenical_altar_abandoned, minivault_19, nicolae_wormholes
D:2:      minmay_evil_eye, layout_loops_corners, basic_altar
D:3:      layout_loops_ring, portal_sewer_entry_c
D:4:      layout_basic, minmay_temple_entry_poolview, bh_walls_and_bars
D:5:      layout_cave_pools, uniq_crazy_yiuf_cottage
D:6:      layout_basic, nicolae_sif_muna_condensation, serial_shops,
          nicolae_shop_real_fake_doors, shop, chequers_mini_garden, uniq_duvessa
D:7:      layout_loops_ring, nicolae_overflow_hallway_of_the_gods,
          mainiacjoe_overflow_24_doors, elyvilon_altar_1, serial_shops,
          nicolae_shop_stone
D:8:      layout_loops_corners, minivault_5, corexii_checkpoint,
          hangedman_decor_riveting, hangedman_decor_peaks_small, uniq_jeremiah
D:9:      layout_basic, erik_orc_3, uniq_joseph, uniq_pikel
Temple:   bh_familiar_temple

Skill      XL: |  1  2  3  4  5  6  7  8  9 10 |
---------------+-------------------------------+-----
Dodging        | 2 3 4 |  4.4
Conjurations   | 1 2 3 |  3.0
Fire Magic     | 3 4 5 |  5.4
Spellcasting   | 3 4 5 8 |  8.2
Fighting       | 1 2 3 5 6 7 |  7.8
Staves         | 1 2 |  2.9
Hexes          | 1 2 3 |  3.0
Maces & Flails | 1 2 3 4 5 |  5.7
Shields        | 1 |  1.7
Throwing       | 1 2 4 |  4.2
Evocations     | 1 |  1.1
Alchemy        | 1 2 |  2.8
Invocations    | 2 3 |  3.8
Armour         | 2 |  2.2
Stealth        | |  1.5
Ice Magic      | |  0.1

Action                     |  1- 3 |  4- 6 |  7- 9 | 10-12 || total
---------------------------+-------+-------+-------+-------++-------
  Melee: Dagger            |    81 |    22 |       |       ||   103
         Unarmed           |     5 |       |       |       ||     5
         Headbutt          |    11 |    10 |    39 |    26 ||    86
         Quarterstaff      |       |    84 |   175 |       ||   259
         Flail             |       |       |    56 |    59 ||   115
         Punch             |       |       |     2 |       ||     2
         Whip              |       |       |       |    31 ||    31
  Throw: Dart              |       |       |     2 |       ||     2
   Cast: Foxfire           |    30 |    31 |    70 |    14 ||   145
         Sting             |    12 |     6 |    46 |     2 ||    66
         Scorch            |       |       |    53 |    61 ||   114
         Ensorcelled Hiber |       |       |       |     4 ||     4
         Inner Flame       |       |       |       |     1 ||     1
 Invoke: Draw Destruction  |       |       |     1 |     2 ||     3
         Draw Escape       |       |       |       |     1 ||     1
  Evoke: Wand              |       |     3 |     1 |       ||     4
    Use: Potion            |       |       |     6 |     5 ||    11
         Scroll            |       |       |    18 |     4 ||    22
   Stab: Sleeping          |     3 |     2 |     2 |       ||     7
 Armour: Robe              |    50 |    64 |   166 |   130 ||   410
         Acid dragon scale |       |       |    20 |       ||    20
  Dodge: Dodged            |    33 |    47 |   111 |    72 ||   263
  Block: Other             |    12 |    19 |    50 |       ||    81
         Reflection        |     2 |       |       |       ||     2
